 Dungeon Crawl Stone Soup version 0.30.1-11-g7821555f0a (webtiles) character file.

Game seed: 7034693015811449568

7278 Groucho the Thaumaturge (level 11, -4/76 HPs)
             Began as a Djinni Fire Elementalist on Jan 3, 2024.
             Was an Initiate of Gozag.
             Slain by a hornet (15 damage)
             ... on level 10 of the Dungeon.
             The game lasted 00:37:03 (16402 turns).

Groucho the Thaumaturge (Djinni Fire Elementalist) Turns: 16402, Time: 00:37:04

Health: -4/76      AC:  3    Str:  7    XL:     11   Next: 34%
Gold:   1209       EV: 20    Int: 21    God:    Gozag SH:  0 Dex: 14

rFire   + + .        x - +3 spear
rCold   x . .        (no shield)
rNeg    . . .        a - +0 robe
rPois   ∞            t - +0 helmet
rElec   .            (no cloak)
rCorr   .            (no gloves)
SInv    .            (boots unavailable)
Will    +....        s - amulet of the acrobat
Stlth   ++           o - +5 ring of evasion
HPRegen 0.32/turn    (no ring)
MPRegen 0.00/turn

%: acrobat, infuse magic (-5 HP)
@: flying
A: sickness immunity, fire resistance 2, cold vulnerability 1, float, innate
caster, HP casting, extra vitality 1
a: Renounce Religion, Potion Petition, Call Merchant, Bribe Branch


You were on level 10 of the Dungeon.
You worshipped Gozag.
Gozag was most pleased with you.
You visited 2 branches of the dungeon, and saw 11 of its levels.
You also visited: Bailey.

You collected 1345 gold pieces.
You paid 136 gold pieces to Gozag.

Inventory:

Hand Weapons
 x - a +3 spear (weapon)
 I - a +4 glaive
Missiles
 l - 16 throwing nets
Armour
 a - a +0 robe (worn)
 t - a +0 helmet (worn)
 u - a +0 troll leather armour {Pargi}
Magical Staves
 c - a staff of earth
Jewellery
 o - a +5 ring of evasion (left hand)
 s - an amulet of the acrobat (around neck)
 J - a +6 ring of dexterity
Wands
 m - a wand of charming (8)
Scrolls
 d - 4 scrolls of poison {unknown}
 e - 2 scrolls of blinking
 f - 6 scrolls of noise {unknown}
 g - 2 scrolls of amnesia {unknown}
 h - 2 scrolls of enchant armour {unknown}
 i - 2 scrolls of immolation {unknown}
 j - 7 scrolls of teleportation {unknown}
 k - 4 scrolls of fear {unknown}
 n - 11 scrolls of identify
 r - 2 scrolls of acquirement {unknown}
 v - a scroll of silence {unknown}
 y - a scroll of torment {unknown}
 B - a scroll of magic mapping {unknown}
 C - 3 scrolls of vulnerability {unknown}
 D - 2 scrolls of brand weapon {unknown}
 F - a scroll of fog {unknown}
 H - a scroll of butterflies {unknown}
Potions
 b - a potion of curing
 p - a potion of berserk rage {unknown}
 q - a potion of mutation {unknown}
 w - 2 potions of attraction {unknown}
 z - a potion of flight {unknown}
 A - a potion of brilliance {unknown}
 E - a potion of invisibility {unknown}
 G - a potion of might {unknown}


   Skills:
 + Level 5.8 Fighting
 + Level 4.7 Polearms
 + Level 5.8 Armour
 + Level 6.9 Dodging
 - Level 1.5 Stealth
 + Level 9.5 Spellcasting


You knew the following spells:

 Your Spells              Type           Power      Damage    Failure   Level
a - Foxfire               Conj/Fire      100%       2x1d9     1%          1
b - Scorch                Fire           100%       2d9       1%          2
c - Volatile Blastmotes   Fire/Tloc      100%       2d18      1%          3
d - Inner Flame           Hex/Fire       50%        N/A       1%          3
e - Flame Wave            Conj/Fire      50%        2d12      1%          4
f - Shock                 Conj/Air       100%       1d9       1%          1
g - Lesser Beckoning      Tloc           100%       N/A       1%          2
h - Tukima's Dance        Hex            50%        N/A       1%          3
i - Call Canine Familiar  Summ           50%        N/A       1%          3
j - Ice Form              Ice/Tmut       50%        N/A       1%          4
Your spell library was empty.

Dungeon Overview and Level Annotations

Branches:
Dungeon (10/15)            Temple (1/1) D:6          Bailey (visited)
   Lair: D:8-11         Orc: D:9-12

Altars:
Ashenzari
Cheibriados
Dithmenos
Elyvilon
Fedhas
Gozag
Hepliaklqana
Makhleb
Nemelex Xobeh
Okawaru
Qazlal
Ru
Trog
Uskayaw
Wu Jian
Xom
Yredelemnul
Zin
The Shining One

Shops:
D:2 =   D:6 [[[(   D:8 *

Annotations:
Temple 4 transporters


Innate Abilities, Weirdness & Mutations

You are immune to sickness and miasma.
You are immune to poison.
Your flesh is very heat resistant. (rF++)
You are vulnerable to cold. (rC-)
You float through the air rather than walking.
You learn spells naturally, not from books.
Your magical power is your life essence.
You have superior vitality. (+4 MHP)


Message History

* * * LOW HITPOINT WARNING * * *
The gargoyle is no longer more vulnerable to fire.
The hornet barely misses you. The hornet closely misses you.
The gargoyle hits you with a +3 mace of protection!
* * * LOW HITPOINT WARNING * * *
Unknown command.
Unknown command.
Casting: Foxfire (safe; 1% risk of failure)
Confirm with . or Enter, or press ? or * to list all spells.
You conjure some foxfire!
* * * LOW HITPOINT WARNING * * *
The foxfire hits the gargoyle.
The gargoyle is severely damaged.
The hornet closely misses you.
The gargoyle hurls a stone arrow at you.
The stone arrow misses you. The stone arrow hits your foxfire!!
Unknown command.
Casting: Foxfire (safe; 1% risk of failure)
Confirm with . or Enter, or press ? or * to list all spells.
You conjure some foxfire!
* * * LOW HITPOINT WARNING * * *
The foxfire hits the gargoyle but does no damage.
The gargoyle is severely damaged.
The foxfire hits the hornet.
The hornet is lightly wounded.
The foxfire hits the gargoyle but does no damage.
The gargoyle is severely damaged.
The hornet barely misses you. The hornet closely misses you.
The gargoyle hits you with a +3 mace of protection.
* * * LOW HITPOINT WARNING * * *
Unknown command.
Unknown command.
You feel better.
The foxfire hits the gargoyle but does no damage.
The gargoyle is severely damaged.
The foxfire hits the hornet.
The hornet is moderately wounded.
The hornet stings you!
You die...
Your body crumbles into a pile of gold.

..... #. .... #.# #:..
$ #.# #..# #.# #..# #.#
#..# $ $ #.#
#..#####.#$ $ $
#.###########.9y.....#
$ $
#.............@......#$
$ $
#.............§§.###.#
$ $ #.#############..#
#.# ..# #.# ....
#.######## ...##
#......... ...#
#......... ...#
#.........


You could see a hornet and a gargoyle.

Vanquished Creatures
  A two-headed ogre (Bailey)
  Maggie (D:8)
  A troll (D:9)
  5 spriggans (Bailey)
  2 wraiths (D:9)
  4 yaks (D:9)
  A steam dragon (Bailey)
  2 water moccasins
  5 orc warriors
  Pargi (D:4)
  A black bear (D:8)
  An ice beast (D:7)
  A wolf (D:5)
  A centaur (D:9)
  9 ogres (Bailey)
  2 phantoms
  A kobold brigand (D:8)
  An elf zombie (D:7)
  A bullfrog (D:7)
  2 gnoll sergeants (D:5)
  A scorpion (D:5)
  An elf skeleton (D:7)
  14 wights
  A howler monkey (D:9)
  7 hounds
  3 gnoll boudas (D:5)
  A human zombie (D:7)
  5 orc priests
  3 jellies
  2 human skeletons (D:7)
  A sleepcap (D:6)
  2 iguanas
  4 orc wizards
  24 gnolls
  5 adders
  3 white imps
  An ufetubus (D:3)
  A worm (D:2)
  4 dart slugs
  23 orcs
  5 ball pythons
  4 bats
  9 endoplasms
  2 giant cockroaches (D:2)
  8 goblins
  8 hobgoblins
  5 jackals (D:5)
  13 kobolds
  3 quokkas
  8 frilled lizards
  An orc zombie (D:7)
  4 rats (D:2)
219 creatures vanquished.

Vanquished Creatures (collateral kills)
  A lava snake (D:9)
1 creature vanquished.

Vanquished Creatures (others)
  860 foxfires
860 creatures vanquished.

Grand Total: 1080 creatures vanquished

Notes
Turn   | Place    | Note
-------+----------+-------------------------------------------
     0 | D:1      | Groucho the Djinni Fire Elementalist began the quest for
                  | the Orb.
     0 | D:1      | Groucho set off with the following spells memorised:
                  | Foxfire, Scorch, Volatile Blastmotes, Inner Flame, Flame
                  | Wave.
     0 | D:1      | Reached XP level 1. HP: 15/15 MP: 0/0
   112 | D:1      | Reached XP level 2. HP: 16/21 MP: 0/0
   348 | D:1      | Found a faded altar of an unknown god.
   458 | D:1      | Reached skill level 3 in Spellcasting
   667 | D:1      | Reached XP level 3. HP: 23/25 MP: 0/0
   667 | D:1      | Learned a level 1 spell: Shock
  1110 | D:2      | Found Wiqegomn's Jewellery Boutique.
  1695 | D:2      | Reached XP level 4. HP: 28/31 MP: 0/0
  2784 | D:3      | Found a burning altar of Makhleb.
  2926 | D:3      | Reached skill level 4 in Spellcasting
  3612 | D:4      | Reached XP level 5. HP: 30/35 MP: 0/0
  3612 | D:4      | Learned a level 2 spell: Lesser Beckoning
  4251 | D:4      | Reached XP level 6. HP: 37/40 MP: 0/0
  4376 | D:4      | Reached skill level 5 in Spellcasting
  4525 | D:4      | Noticed Pargi
  4538 | D:4      | Killed Pargi
  5170 | D:5      | Entered Level 5 of the Dungeon
  5178 | D:4      | Reached XP level 7. HP: 40/45 MP: 0/0
  5178 | D:4      | Learned a level 3 spell: Tukima's Dance
  5759 | D:5      | Reached skill level 6 in Spellcasting
  7305 | D:5      | Reached XP level 8. HP: 28/50 MP: 0/0
  7406 | D:5      | Reached skill level 7 in Spellcasting
  7978 | D:5      | Found a basalt altar of Yredelemnul.
  8028 | D:6      | Reached skill level 8 in Spellcasting
  8261 | D:6      | Found Ymnecaoh's Antique Weapon Boutique.
  8367 | D:6      | Found Binozeob's Armour Shop.
  8847 | D:6      | Found Wemihiev's Antique Armour Shoppe.
  8858 | D:6      | Found Qatyant's Armour Emporium.
  9241 | D:6      | Found an ornate altar of the Wu Jian Council.
  9319 | D:6      | Found a staircase to the Ecumenical Temple.
  9389 | Temple   | Entered the Ecumenical Temple
  9389 | Temple   | Found a transporter.
  9389 | Temple   | Found a transporter.
  9391 | Temple   | Found a transporter.
  9391 | Temple   | Found a transporter.
  9429 | Temple   | Became a worshipper of Gozag Ym Sagoz the Greedy
  9533 | D:7      | Reached XP level 9. HP: 49/56 MP: 0/0
  9533 | D:7      | Learned a level 3 spell: Call Canine Familiar
  9557 | D:7      | Reached skill level 1 in Fighting
  9557 | D:7      | Reached skill level 1 in Armour
  9568 | D:7      | Reached skill level 1 in Polearms
 10571 | D:7      | Identified the +1 dagger of Premature Burial {pain, rF+
                  | Int-4 Dex+4}
 11242 | D:8      | Found a white marble altar of Elyvilon.
 11340 | D:8      | Noticed Maggie
 11346 | D:8      | Killed Maggie
 11347 | D:8      | Reached XP level 10. HP: 58/67 MP: 0/0
 11395 | D:8      | Found Sutadig's General Store.
 12589 | D:9      | Reached skill level 9 in Spellcasting
 12604 | D:9      | Reached skill level 5 in Dodging
 12939 | D:9      | Found a flagged portal.
 13145 | Bailey   | Entered a bailey
 13807 | Bailey   | Reached skill level 5 in Fighting
 13807 | Bailey   | Reached skill level 5 in Armour
 13822 | Bailey   | Reached XP level 11. HP: 27/75 MP: 0/0
 13822 | Bailey   | Learned a level 4 spell: Ice Form
 14285 | Bailey   | Noticed a two-headed ogre
 14289 | Bailey   | Killed a two-headed ogre
 15145 | D:9      | Found a hide-covered altar of Uskayaw.
 16339 | D:10     | Entered Level 10 of the Dungeon
 16401 | D:10     | HP: 3/76 [gargoyle/+3 mace of protection (5)]
 16402 | D:10     | Slain by a hornet

Illustrated notes

Levels and vault maps discovered:
D:1:      dpeg_arrival_pits, layout_loops_ring,
          hellmonk_ecumenical_altar_prayer_group
D:2:      layout_loops_corners, serial_shops, shop, st_stairs_1
D:3:      layout_basic, mainiacjoe_overflow_small_starburst
D:4:      layout_gridville, uniq_pargi
D:5:      layout_cave_pools, lemuel_tele_altar, serial_gnoll_camp,
          gnoll_camp_mini_basic, gnoll_camp_huts_moat,
          gnoll_camp_mini_loothouse, gnoll_camp_mini_house
D:6:      layout_rooms, nicolae_wu_jian_wuxing_cycle, temple_green,
          serial_shops, nicolae_shop_waterfront, kennysheep_mini, shop, shop
D:7:      layout_rooms, nicolae_ossuary_entry_catacombs, minmay_circle_x
D:8:      layout_loops_ring, lemuel_round_altar, serial_shops,
          nicolae_shop_waterfront, uniq_maggie
D:9:      layout_roguey, nicolae_uskayaw_suspiria, enter_bailey_1
D:10:     minmay_the_grid_octo_tiled_squarecenter [minmay_the_grid_octo_focus,
          minmay_the_grid_octo_shrine, minmay_the_grid_octo_clover,
          minmay_the_grid_octo_tetromino_candy,
          minmay_the_grid_square_5x5_megaprize_hollow,
          minmay_the_grid_square_5x5_spiral,
          minmay_the_grid_square_5x5_misaligned,
          minmay_the_grid_square_5x5_two_walls_b,
          minmay_the_grid_square_5x5_moneybag], layout_long_grid, uniq_erica
Temple:   hellmonk_temple_divided_pantheon

Skill      XL: |  1  2  3  4  5  6  7  8  9 10 |
---------------+-------------------------------+-----
Spellcasting   | 3 4 5 6 8 9 |  9.5
Fighting       | 3 5 |  5.8
Armour         | 3 5 |  5.8
Polearms       | 2 4 |  4.7
Dodging        | 4 6 |  6.9
Stealth        | |  1.5

Action                     |  1- 3 |  4- 6 |  7- 9 | 10-12 || total
---------------------------+-------+-------+-------+-------++-------
  Melee: Spear             |       |       |    41 |     3 ||    44
   Cast: Foxfire           |    86 |   139 |   250 |    11 ||   486
         Volatile Blastmot |       |       |     6 |     2 ||     8
         Scorch            |       |       |    54 |   113 ||   167
         Inner Flame       |       |       |     4 |     1 ||     5
         Call Canine Famil |       |       |     1 |     2 ||     3
         Flame Wave        |       |       |       |     7 ||     7
         Shock             |       |       |       |    16 ||    16
    Use: Scroll            |       |     3 |       |     1 ||     4
         Potion            |       |       |     2 |     7 ||     9
 Armour: Robe              |       |     2 |    10 |     1 ||    13
  Dodge: Dodged            |     4 |    19 |    73 |    88 ||   184
